 Dungeon Crawl Stone Soup version 0.25-a0-67-g7dccc1bee0 (webtiles) character file.

Game seed: 2351593375194929135, levelgen mode: deterministic

195023 iamserjio the Warrior (level 18, -4/145 HPs)
             Began as an Octopode Skald on Nov 1, 2019.
             Was the Champion of Ru.
             Slain by a wolf spider (13 damage)
             ... on level 2 of the Spider Nest.
             The game lasted 01:12:34 (45959 turns).

iamserjio the Warrior (Octopode Skald)             Turns: 45959, Time: 01:12:35

Health: -4/145     AC: -2    Str: 20    XL:     18   Next: 77%
Magic:  24/24      EV: 22    Int: 14    God:    Ru [******]
Gold:   2000       SH:  6    Dex: 18    Spells: 11/25 levels left

rFire    . . .     SeeInvis +   L - +8 broad axe (elec)
rCold    + . .     Gourm    .   j - +0 buckler {AC+3}
rNeg     . . .     Faith    +   a - +2 hat
rPois    +         Spirit   .   Q - amulet of Buahif {Faith rC+ MR++ Str+3 Dex-4}
rElec    .         Reflect  .   M - +3 ring of protection
rCorr    .         Harm     .   Y - ring of protection from magic
MR       +++..                  S - ring of Neurrunize {AC+1 Dex+4}
Stlth    ..........             P - ring of poison resistance
HPRegen  0.34/turn              B - +2 ring of strength
MPRegen  0.19/turn              q - +6 ring of slaying
                                n - ring of see invisible
                                X - +4 ring of dexterity

@: corroded, heavily drained
A: almost no armour, stealthy swim, amphibious, 8 rings, constrict 8, camouflage
1, dopey 1, gelatinous body 1, no stealth, no poison magic, no summoning magic,
no transmutations magic, magic vulnerability 1, inexperienced 1, missing an eye
a: Draw Out Power, Power Leap, Apocalypse, Renounce Religion


You were on level 2 of the Spider Nest.
You worshipped Ru.
Ru was exalted by your worship.
You were very hungry.

You visited 6 branches of the dungeon, and saw 29 of its levels.
You also visited: Gauntlet and Ice Cave.

You collected 3707 gold pieces.
You spent 1707 gold pieces at shops.

Inventory:

Hand Weapons
 o - the +1 long sword of True Grit {flame, rElec}
   (You found it on level 11 of the Dungeon)

   It has been specially enchanted to burn those struck by it, causing extra
   injury to most foes and up to half again as much damage against particularly
   susceptible opponents.
   Big, fiery blades are also staple armaments of hydra-hunters.
   It insulates you from electricity.
 J - the +11 trident of Dim Light {venom, rF++ rN+}
   (You bought it in a shop on level 6 of the Dungeon)

   It poisons the flesh of those it strikes.
   It greatly protects you from fire.
   It protects you from negative energy.
 L - a +8 broad axe of electrocution (weapon)
Missiles
 I - a throwing net (quivered) {!f}
Armour
 a - a +2 hat (worn)
 j - a +0 buckler of protection (worn)
 T - the -2 hat of Orroiba {*Drain rElec rPois MR+ Stlth+}
   (You found it in a Gauntlet)

   It insulates you from electricity.
   It protects you from poison.
   It affects your resistance to hostile enchantments.
   It causes draining when unequipped.
   It makes you more stealthy.
Jewellery
 n - a ring of see invisible (on tentacle)
 q - a +6 ring of slaying (on tentacle)
 z - an uncursed ring of ice
 B - a +2 ring of strength (on tentacle)
 D - an uncursed ring of protection from fire
 K - an uncursed ring of wizardry
 M - a +3 ring of protection (left tentacle)
 O - an uncursed ring of protection from fire
 P - a ring of poison resistance (on tentacle)
 Q - the amulet of Buahif (around mantle) {Faith rC+ MR++ Str+3 Dex-4}
   (You took it off a deep elf sorcerer on level 3 of the Elven Halls)

   [amulet of faith]

   It allows you to gain divine favour quickly.
   It affects your strength (+3).
   It affects your dexterity (-4).
   It protects you from cold.
   It affects your resistance to hostile enchantments.
 S - the ring of Neurrunize (on tentacle) {AC+1 Dex+4}
   (You found it on level 1 of the Orcish Mines)

   [ring of protection]

   It affects your AC (+1).
   It affects your dexterity (+4).
 W - an uncursed ring of protection from fire
 X - a +4 ring of dexterity (on tentacle)
 Y - a ring of protection from magic (right tentacle)
Wands
 d - a wand of paralysis (8)
 e - a wand of digging (2)
 f - a wand of disintegration (12)
 p - a wand of clouds (5)
 F - a wand of enslavement (7)
 R - a wand of iceblast (10)
 V - a wand of acid (1)
 Z - a wand of scattershot (11)
Scrolls
 g - 12 scrolls of remove curse {@r2}
 h - 2 scrolls of summoning
 i - 4 scrolls of fog
 k - 9 scrolls of teleportation {@r3}
 v - a scroll of silence
 C - 5 scrolls of enchant armour
 E - 5 scrolls of fear
 H - 3 scrolls of magic mapping
 U - 5 scrolls of blinking
Potions
 b - 9 potions of curing {@q1}
 l - 2 potions of invisibility
 m - a potion of cancellation {unknown}
 r - 5 potions of lignification
 s - a potion of mutation
 u - 4 potions of resistance
 w - 5 potions of agility
 x - 2 potions of heal wounds
 A - 2 potions of brilliance
 G - 4 potions of might
 N - 4 potions of haste
Miscellaneous
 t - a box of beasts
 y - a phial of floods (inert)
Comestibles
 c - 43 rations


   Skills:
 + Level 19.9(17.1) Fighting
   Level 2.0(0.1) Short Blades
 * Level 13.7(12.3) Axes
 - Level 10.0(10.6) Polearms
 + Level 14.2(11.7) Dodging
 * Level 10.2(7.9) Shields
 - Level 4.2(2.2) Spellcasting
 - Level 3.0(1.1) Hexes
 - Level 4.0(2.0) Charms
 - Level 5.0(3.0) Necromancy
 - Level 3.0(1.2) Translocations
 - Level 6.1(4.0) Evocations


You had 11 spell levels left.
You knew the following spells:

 Your Spells              Type           Power        Failure   Level  Hunger
a - Blink                 Tloc           N/A          22%         2    ###....
b - Regeneration          Chrm/Necr      #.........   24%         3    ###....
c - Sublimation of Blood  Necr           ##........   10%         2    ###....
d - Swiftness             Chrm/Air       #.......     22%         2    ###....
f - Confusing Touch       Hex            #.....       14%         1    #......
h - Passage of Golubria   Tloc           N/A          80%         4    #####..

Your spell library contained the following spells:

 Spells                   Type           Power        Failure   Level  Hunger
 Infusion                 Chrm           #...         10%         1    #......
 Corpse Rot               Necr           N/A          10%         2    ###....
 Song of Slaying          Chrm           #.......     16%         2    ###....
 Shroud of Golubria       Chrm/Tloc      #.....       19%         2    ###....
 Slow                     Hex            #.......     22%         2    ###....
 Freeze                   Ice            #...         24%         1    #......
 Throw Frost              Conj/Ice       #.....       34%         2    ###....
 Spectral Weapon          Hex/Chrm       #.......     34%         3    ###....
 Gell's Gravitas          Tloc           #.........   38%         3    ###....
 Lesser Beckoning         Tloc           #.........   38%         3    ###....
 Teleport Other           Tloc           #.......     38%         3    ###....
 Confuse                  Hex            #.......     41%         3    ###....
 Ozocubu's Armour         Chrm/Ice       #.......     41%         3    ###....
 Portal Projectile        Hex/Tloc       #.....       41%         3    ###....
 Stone Arrow              Conj/Erth      #.....       56%         3    ###....
 Leda's Liquefaction      Hex/Erth       #.........   88%         4    #####..
 Throw Icicle             Conj/Ice       #.......     93%         4    #####..
 Borgnjor's Vile Clutch   Necr/Erth      #.........   98%         5    ######.
 Iskenderun's Battlesphe  Conj/Chrm      #.......     99%         5    ######.
 Metabolic Englaciation   Hex/Ice        #.........   99%         5    ######.
 Fireball                 Conj/Fire      #.........   100%        5    ######.
 Bolt of Fire             Conj/Fire      #.........   100%        6    #######
 Deflect Missiles         Chrm/Air       #.........   100%        6    #######
 Iron Shot                Conj/Erth      #.........   100%        6    #######
 Ozocubu's Refrigeration  Ice            #.........   100%        6    #######
 Ring of Flames           Chrm/Fire      #.........   100%        7    #######
 Discord                  Hex            #.........   100%        8    #######
 Ignition                 Fire           #.........   100%        8    #######
 Beastly Appendage        Tmut           Unusable     N/A         1    N/A
 Summon Butterflies       Summ           Unusable     N/A         1    N/A
 Summon Small Mammal      Summ           Unusable     N/A         1    N/A
 Call Imp                 Summ           Unusable     N/A         2    N/A
 Passwall                 Tmut/Erth      Unusable     N/A         2    N/A
 Sticks to Snakes         Tmut           Unusable     N/A         2    N/A
 Summon Guardian Golem    Hex/Summ       Unusable     N/A         3    N/A
 Call Canine Familiar     Summ           Unusable     N/A         3    N/A
 Ignite Poison            Fire/Tmut/Pois Unusable     N/A         3    N/A
 Spider Form              Tmut/Pois      Unusable     N/A         3    N/A
 Ice Form                 Ice/Tmut       Unusable     N/A         4    N/A
 Petrify                  Tmut/Erth      Unusable     N/A         4    N/A
 Summon Ice Beast         Ice/Summ       Unusable     N/A         4    N/A
 Summon Lightning Spire   Summ/Air       Unusable     N/A         4    N/A
 Summon Forest            Summ/Tloc      Unusable     N/A         5    N/A
 Summon Mana Viper        Hex/Summ       Unusable     N/A         5    N/A
 Yara's Violent Unravell  Hex/Tmut       Unusable     N/A         5    N/A
 Alistair's Intoxication  Tmut/Pois      Unusable     N/A         5    N/A
 Blade Hands              Tmut           Unusable     N/A         5    N/A
 Irradiate                Conj/Tmut      Unusable     N/A         5    N/A
 Hydra Form               Tmut           Unusable     N/A         6    N/A
 Malign Gateway           Summ/Tloc      Unusable     N/A         7    N/A
 Summon Hydra             Summ           Unusable     N/A         7    N/A

Dungeon Overview and Level Annotations

Branches:
Dungeon (15/15)            Temple (1/1) D:4            Lair (6/6) D:8
 Shoals (0/4) Lair:2       Spider (2/4) Lair:4        Slime (0/5) Lair:6
    Orc (2/2) D:9             Elf (3/3) Orc:2        Vaults (0/5) D:13
 Depths (0/5) D:15          IceCv (visited)         Gauntlet (visited)

Altars:
Cheibriados
Dithmenos
Fedhas
Nemelex Xobeh
Okawaru
Qazlal
Ru
Sif Muna
Trog
Vehumet
Wu Jian
Xom
Yredelemnul
Zin
The Shining One
Jiyva

Shops:
D:6 (   Orc:2 =*?%   Elf:2 :

Annotations:
D:13 2 runed translucent doors, Ishrer's ghost, journeyman DEFE
D:15 exclusion: oklob plant
Lair:6 1 runed translucent door
Elf:2 2 runed translucent doors


Innate Abilities, Weirdness & Mutations

You cannot wear most types of armour.
You are very stealthy in the water. (Stealth+)
You are amphibious.
You can wear up to eight rings at the same time.
You can use your tentacles to constrict eight enemies at once.
Your skin changes colour to match your surroundings (Stealth+).
You are dopey. (Int -2)
Your rubbery body absorbs attacks. (AC +1, EV +1)
You cannot be stealthy.
You cannot study or cast Poison magic.
You cannot study or cast Summoning magic.
You cannot study or cast Transmutations magic.
You are slightly vulnerable to magic. (MR-)
You are somewhat inexperienced. (-2 XL)
You are missing an eye, making it more difficult to aim.


Message History

You slash the wolf spider! You grab the wolf spider.
You constrict the wolf spider.
You kill the wolf spider!
You closely miss the wolf spider. You grab the wolf spider.
You constrict the wolf spider. The wolf spider completely misses you.
You block the wolf spider's attack.
The jumping spider leaps!
The wolf spider misses you. The wolf spider bites you.
* * * LOW HITPOINT WARNING * * *
You slash the wolf spider!
You squeeze the wolf spider, but do no damage.
You constrict the wolf spider. The wolf spider hits you!
* * * LOW HITPOINT WARNING * * *
The wolf spider closely misses you.
You slash the wolf spider!
Lightning courses through the wolf spider!
You constrict the wolf spider. You block the wolf spider's attack.
The wolf spider misses you. The wolf spider hits you!!
* * * LOW HITPOINT WARNING * * *
The wolf spider bites you!
You die...

#.†.#.#...#......#
...<.^°..°#......#
..†.#...s#.....>.#
....#...○....#..##
...†.......#s##
##...#.....##.##
#...###...###.##
##..# ##.## ##s##
#### ### ##@##
##.# ##.# ##


You could see a wolf spider and a jumping spider.

Vanquished Creatures
  2 deep elf blademasters (Elf:3)
  2 deep elf master archers (Elf:3)
  An iron dragon (D:14)
  A frost giant (IceCv)
  5 deep elf sorcerers (Elf:3)
  5 deep elf elementalists
  3 entropy weavers
  Nessos (D:15)
  A dire elephant (D:15)
  The ghost of Kystiego the Unseen, a journeyman SpEn of Kikubaaqudgha (D:14)
  3 deep elf demonologists (Elf:3)
  A minotaur (Gauntlet)
  9 deep elf annihilators (Elf:3)
  A fire dragon (D:14)
  An ettin (Orc:1)
  Josephine (D:12)
  5 deep elf death magi (Elf:3)
  3 deep elf high priests
  A great orb of eyes (D:15)
  2 ice dragons
  Harold (D:7)
  7 hydras
  2 centaur warriors (D:13)
  The ghost of Cyomil the Jinx, a journeyman VSWn of Dithmenos (Orc:1)
  3 catoblepae
  4 ogre magi (Orc:2)
  16 two-headed ogres
  11 dancing weapons
  Urug (D:13)
  3 tengu warriors
  A death yak (IceCv)
  15 deep elf knights
  Nergalle (Lair:3)
  The ghost of bmj180 the Cleaver, a novice HOFi of Kikubaaqudgha (D:7)
  5 unseen horrors
  Pikel (D:5)
  10 deep elf archers
  3 wizards
  40 deep elf magi
  A lindwurm (Lair:6)
  15 wolf spiders
  A necromancer (Gauntlet)
  2 orc knights
  2 orc sorcerers
  10 orb spiders
  12 ugly things
  5 cyclopes
  3 manticores
  3 moths of wrath
  A guardian serpent (Lair:6)
  A guardian serpent (shapeshifter) (D:15)
  A moth of wrath (shapeshifter) (Elf:1)
  19 black mambas
  Maurice (D:8)
  2 centaur zombies
  An ice statue (IceCv)
  10 torpor snails
  12 spiny frogs
  A rime drake (Lair:6)
  4 efreet
  11 komodo dragons
  3 yaktaurs (D:15)
  A freezing wraith (D:14)
  3 tengu conjurers
  4 trolls
  17 jumping spiders
  22 polar bears
  11 hornets
  2 tyrant leeches (Lair:6)
  A blink frog (shapeshifter) (Elf:1)
  8 slime creatures (D:12)
  16 blink frogs
  7 hippogriffs
  3 air elementals
  41 redbacks
  6 wraiths
  2 shadows
  5 water elementals
  7 tarantellas
  14 wyverns
  3 vampires
  15 humans (D:13)
  2 fire elementals
  Grum (D:9)
  43 yaks
  2 basilisks
  A steam dragon (D:11)
  8 vampire mosquitoes
  Menkaure (D:7)
  10 wargs
  2 swamp worms (Gauntlet)
  A soldier ant (D:14)
  Duvessa (D:7)
  31 water moccasins
  10 porcupines
  13 orc warriors
  2 sky beasts
  2 phantoms
  3 ice beasts
  A black bear (Lair:3)
  28 ogres
  11 centaurs
  5 crocodiles
  29 wolves
  2 big kobolds
  Blork the orc (D:5)
  24 bullfrogs
  Dowan (D:7)
  5 earth elementals
  A wyvern skeleton (D:6)
  7 scorpions
  3 killer bees (D:10)
  8 wights
  11 electric eels
  A howler monkey (D:7)
  5 crimson imps
  A quasit (D:13)
  4 jellies
  4 centaur skeletons
  11 orc priests
  A bullfrog skeleton (D:5)
  A gnoll shaman (D:8)
  12 hounds
  22 orc wizards
  6 worker ants
  2 iguanas
  4 hound skeletons
  A howler monkey zombie (D:6)
  11 adders
  8 gnolls
  A howler monkey skeleton (D:7)
  7 shadow imps
  2 white imps (Gauntlet)
  An ooze (D:4)
  3 adder skeletons
  3 worms
  3 dart slugs
  A leopard gecko (D:2)
  62 orcs
  4 ball pythons
  6 giant cockroaches
  6 hobgoblins
  9 jackals
  12 kobolds
  3 quokkas
  6 bats
  A frilled lizard (D:2)
  10 goblins
  A jackal skeleton (D:4)
  A leopard gecko skeleton (D:8)
  A leopard gecko zombie (D:5)
  7 rats
  6 fungi
  7 plants
1011 creatures vanquished.

Vanquished Creatures (others)
  A fire dragon (D:14)
  A catoblepas (Lair:5)
  A deep elf mage (Elf:3)
  A black mamba (Lair:1)
  4 trolls
  2 tyrant leeches (Lair:6)
  A hornet (Spider:1)
  A tarantella (Spider:1)
  A human (D:13)
  A vampire mosquito (D:12)
  2 slaves (D:5)
  2 bullfrogs
  A dart slug (D:5)
  10 fungi (Lair:6)
  14 plants
43 creatures vanquished.

Grand Total: 1054 creatures vanquished

Notes
Turn   | Place    | Note
-------+----------+-------------------------------------------
     0 | D:1      | iamserjio the Octopode Skald began the quest for the Orb.
     0 | D:1      | Reached XP level 1. HP: 14/14 MP: 3/3
   324 | D:1      | Reached XP level 2. HP: 20/20 MP: 5/5
   860 | D:2      | Reached XP level 3. HP: 10/25 MP: 6/6
  1740 | D:2      | Found an ornate altar of the Wu Jian Council.
  1784 | D:2      | Reached skill level 3 in Fighting
  1954 | D:3      | Reached XP level 4. HP: 31/31 MP: 7/7
  2063 | D:3      | You fall into a shaft and drop 3 floors!
  2064 | D:6      | Noticed a bullfrog
  2069 | D:6      | Killed a bullfrog
  2069 | D:6      | Reached skill level 4 in Fighting
  2069 | D:6      | Reached XP level 5. HP: 27/37 MP: 8/8
  2303 | D:6      | Reached XP level 6. HP: 44/44 MP: 9/9
  2432 | D:6      | Found Hykh's Antique Weapon Shoppe.
  2820 | D:6      | Reached skill level 5 in Dodging
  2874 | D:6      | Reached skill level 5 in Fighting
  3114 | D:6      | Reached XP level 7. HP: 50/50 MP: 10/10
  3397 | D:5      | Entered Level 5 of the Dungeon
  3570 | D:5      | Noticed Blork the orc
  3763 | D:3      | Reached skill level 6 in Fighting
  4606 | D:4      | Found a staircase to the Ecumenical Temple.
  4613 | Temple   | Entered the Ecumenical Temple
  4649 | Temple   | Became a worshipper of Ru the Awakened
  5186 | D:4      | Reached XP level 8. HP: 58/58 MP: 11/11
  5472 | D:5      | Killed Blork the orc
  5551 | D:5      | Reached skill level 7 in Fighting
  5606 | D:5      | Noticed Pikel
  5621 | D:5      | Killed Pikel
  5621 | D:5      | Reached skill level 8 in Fighting
  5848 | D:5      | Reached XP level 9. HP: 52/66 MP: 9/12
  6004 | D:5      | Found a glowing silver altar of Zin.
  6033 | D:5      | Gained mutation: You cannot be stealthy. [Ru sacrifice]
  6254 | D:5      | Found a snail-covered altar of Cheibriados.
  6295 | D:6      | Learned a level 3 spell: Regeneration
  6298 | D:6      | Learned a level 2 spell: Shroud of Golubria
  6301 | D:6      | Learned a level 2 spell: Song of Slaying
  6440 | D:6      | Reached skill level 1 in Evocations
  6602 | D:7      | Found a bloodstained altar of Trog.
  6726 | D:7      | Noticed Harold
  6794 | D:6      | Bought a twisted trident for 161 gold pieces
  6795 | D:6      | Identified the +11 trident of Dim Light {venom, rF++ rN+}
                  | (You bought it in a shop on level 6 of the Dungeon)
  6860 | D:7      | Killed Harold
  6864 | D:7      | Reached skill level 5 in Polearms
  7156 | D:7      | Noticed Duvessa
  7156 | D:7      | Noticed Dowan
  7247 | D:7      | Killed Duvessa
  7260 | D:7      | Noticed Menkaure
  7262 | D:7      | Killed Dowan
  7266 | D:7      | Killed Menkaure
  7266 | D:7      | Reached skill level 1 in Necromancy
  7266 | D:7      | Reached XP level 10. HP: 36/72 MP: 7/13
  7527 | D:7      | Found a runed translucent door.
  7531 | D:7      | Noticed a wizard
  7531 | D:7      | Noticed bmj180's ghost (novice HOFi)
  7559 | D:7      | Learned a level 3 spell: Spectral Weapon
  7568 | D:8      | Found a sparkling altar of Nemelex Xobeh.
  7568 | D:8      | Found a glowing golden altar of the Shining One.
  7569 | D:8      | Found a basalt altar of Yredelemnul.
  7894 | D:8      | Reached skill level 1 in Hexes
  8155 | D:8      | Found a shimmering altar of Xom.
  8340 | D:8      | Noticed Maurice
  8366 | D:8      | Killed Maurice
  8457 | D:8      | Found a shadowy altar of Dithmenos.
  8511 | D:8      | Found a staircase to the Lair.
  8758 | D:8      | Learned a level 1 spell: Confusing Touch
  8762 | D:8      | Learned a level 3 spell: Confuse
  8818 | D:9      | Gained mutation: You are somewhat inexperienced. (-2 XL)
                  | [Ru sacrifice]
  8818 | D:9      | Reached XP level 9. HP: 36/67 MP: 8/14
  8818 | D:9      | Reached XP level 8. HP: 36/62 MP: 8/13
  8818 | D:9      | Reached * piety under Ru
  8818 | D:9      | Reached ** piety under Ru
  8818 | D:9      | Reached *** piety under Ru
  8889 | D:9      | Noticed Grum
  8911 | D:9      | Killed Grum
  8911 | D:9      | Reached XP level 9. HP: 41/67 MP: 10/14
  9087 | D:9      | Found a staircase to the Orcish Mines.
  9249 | D:9      | Found a bloodstained altar of Trog.
  9249 | D:9      | Found a radiant altar of Vehumet.
  9626 | D:9      | Found a stormy altar of Qazlal.
  9867 | D:10     | Entered Level 10 of the Dungeon
  9883 | D:10     | Reached skill level 1 in Shields
 10497 | D:10     | Noticed a tengu warrior
 10509 | D:10     | Killed a tengu warrior
 10875 | D:10     | Noticed a troll
 10878 | D:10     | Killed a troll
 11024 | D:11     | Reached skill level 10 in Dodging
 11024 | D:11     | Reached XP level 10. HP: 72/72 MP: 16/16
 11025 | D:11     | Noticed a cyclops
 11033 | D:11     | Killed a cyclops
 11119 | D:11     | Found a frozen archway.
 11128 | IceCv    | Entered an ice cave
 11357 | IceCv    | Gained mutation: You are slightly vulnerable to magic.
                  | (MR-) [Ru sacrifice]
 11357 | IceCv    | Reached **** piety under Ru
 11730 | IceCv    | Reached skill level 9 in Fighting
 11746 | IceCv    | Reached XP level 11. HP: 50/80 MP: 14/17
 11949 | IceCv    | Reached skill level 10 in Fighting
 12413 | IceCv    | Noticed a death yak
 12427 | IceCv    | Reached skill level 11 in Fighting
 12480 | IceCv    | Killed a death yak
 12583 | IceCv    | Noticed a frost giant
 12610 | IceCv    | Killed a frost giant
 12610 | IceCv    | Reached skill level 12 in Fighting
 12890 | IceCv    | Reached XP level 12. HP: 90/91 MP: 18/18
 13788 | D:11     | Got an iridescent long sword
 13816 | D:11     | Noticed a two-headed ogre
 13824 | D:11     | Killed a two-headed ogre
 14592 | D:11     | Identified the cursed +1 long sword of True Grit {flame,
                  | rElec} (You found it on level 11 of the Dungeon)
 14630 | D:12     | Reached skill level 10 in Polearms
 14952 | D:12     | Gained mutation: You are dopey. (Int -2) [Ru sacrifice]
 14952 | D:12     | Reached ***** piety under Ru
 15193 | D:12     | Reached skill level 13 in Fighting
 15473 | D:12     | Noticed Josephine
 15491 | D:12     | Killed Josephine
 16259 | D:13     | Found a gate to the Vaults.
 16259 | D:13     | Noticed a centaur warrior
 16259 | D:13     | Noticed Urug
 16259 | D:13     | Noticed a two-headed ogre
 16259 | D:13     | Noticed a centaur warrior
 16263 | D:13     | Found a gate leading to a gauntlet.
 16264 | D:13     | Noticed a two-headed ogre
 16274 | Gauntlet | Entered a Gauntlet
 16274 | Gauntlet | Found a transporter.
 16274 | Gauntlet | Found a transporter.
 16407 | Gauntlet | Found a transporter.
 16407 | Gauntlet | Noticed a queen ant
 16411 | Gauntlet | Found a transporter.
 16421 | Gauntlet | Found a transporter.
 16423 | Gauntlet | Found a transporter.
 16431 | Gauntlet | Found a transporter.
 16449 | Gauntlet | Found a runed translucent door.
 16451 | Gauntlet | Found a transporter.
 16453 | Gauntlet | Found a runed translucent door.
 16469 | Gauntlet | Found a transporter.
 16473 | Gauntlet | Found a transporter.
 16481 | Gauntlet | Found a transporter.
 16485 | Gauntlet | Found a transporter.
 16534 | Gauntlet | Reached skill level 14 in Fighting
 16830 | Gauntlet | Reached XP level 13. HP: 102/102 MP: 19/19
 16848 | Gauntlet | Got a transparent hat
 16861 | Gauntlet | Identified the cursed -2 hat of Orroiba {*Drain rElec rPois
                  | MR+ Stlth+} (You found it in a Gauntlet)
 16868 | Gauntlet | Noticed a minotaur
 17027 | Gauntlet | Killed a minotaur
 17040 | Gauntlet | Identified Oreicw's Almanac of Hexes
 17063 | D:13     | Reached skill level 15 in Fighting
 17072 | D:13     | Killed Urug
 18359 | D:13     | Reached skill level 16 in Fighting
 18402 | D:13     | Found a runed translucent door.
 18410 | D:13     | Reached skill level 5 in Evocations
 18566 | D:13     | Found a runed translucent door.
 18567 | D:13     | Noticed a sphinx
 18568 | D:13     | Noticed a lich
 18569 | D:13     | Noticed Ishrer's ghost (journeyman DEFE)
 18671 | D:13     | Gained mutation: You cannot study or cast Poison magic. [Ru
                  | sacrifice]
 18671 | D:13     | Gained mutation: You cannot study or cast Transmutations
                  | magic. [Ru sacrifice]
 18671 | D:13     | Gained mutation: You cannot study or cast Summoning magic.
                  | [Ru sacrifice]
 19169 | D:13     | Learned a level 2 spell: Blink
 19174 | D:13     | Learned a level 4 spell: Passage of Golubria
 19222 | D:14     | Reached skill level 1 in Translocations
 19538 | D:14     | Reached XP level 14. HP: 72/112 MP: 14/20
 20123 | D:14     | Noticed Kystiego's ghost (journeyman SpEn)
 20125 | D:14     | Noticed an iron dragon
 20136 | D:14     | Found a transporter.
 20611 | D:14     | Found a transporter.
 20668 | D:15     | Entered Level 15 of the Dungeon
 20668 | D:15     | Noticed Nessos
 20686 | D:15     | Killed Nessos
 21144 | D:15     | Noticed a dire elephant
 21154 | D:15     | Killed a dire elephant
 21154 | D:15     | Reached skill level 17 in Fighting
 21368 | D:15     | Paralysed by a great orb of eyes for 5 turns
 21639 | D:15     | Found a staircase to the Depths.
 21909 | D:15     | Gained mutation: You are missing an eye, making it more
                  | difficult to aim. [Ru sacrifice]
 21909 | D:15     | Reached ****** piety under Ru
 22752 | D:15     | Found a blossoming altar of Fedhas.
 22896 | D:15     | Identified 2 scrolls of acquirement
 23018 | D:14     | Killed an iron dragon
 23018 | D:14     | Reached skill level 18 in Fighting
 23019 | D:14     | HP: 1/117 [barbs]
 23916 | D:6      | Bought a runed broad axe for 133 gold pieces
 23916 | D:6      | Bought a runed broad axe for 133 gold pieces
 23973 | D:7      | Killed bmj180's ghost
 23979 | D:7      | Reached skill level 1 in Axes
 24371 | Orc:1    | Entered Level 1 of the Orcish Mines
 24491 | Orc:2    | Entered Level 2 of the Orcish Mines
 24582 | Orc:2    | Found a staircase to the Elven Halls.
 24590 | Orc:2    | Reached XP level 15. HP: 91/122 MP: 19/21
 25826 | Orc:2    | Reached skill level 5 in Axes
 26148 | Orc:2    | Found Faplef's General Store.
 26148 | Orc:2    | Found Seifuox's Jewellery Boutique.
 26149 | Orc:2    | Found Jimpistri's Food Shop.
 26149 | Orc:2    | Found Sozybab's Magic Scroll Emporium.
 26156 | Orc:2    | Bought a +1 ring of evasion for 36 gold pieces
 26156 | Orc:2    | Bought a scroll of identify for 24 gold pieces
 26156 | Orc:2    | Bought 2 potions of curing for 72 gold pieces
 26158 | Orc:2    | Bought a scroll of fear for 63 gold pieces
 26158 | Orc:2    | Bought a scroll of identify for 36 gold pieces
 26158 | Orc:2    | Bought a scroll of blinking for 135 gold pieces
 26158 | Orc:2    | Bought a scroll of identify for 36 gold pieces
 26158 | Orc:2    | Bought a scroll of identify for 36 gold pieces
 26158 | Orc:2    | Bought a scroll of enchant weapon for 135 gold pieces
 26158 | Orc:2    | Bought a scroll of enchant weapon for 135 gold pieces
 26250 | Orc:2    | Bought a +4 ring of dexterity for 297 gold pieces
 26250 | Orc:2    | Bought an uncursed ring of protection from magic for 275
                  | gold pieces
 26346 | Lair:1   | Entered Level 1 of the Lair of Beasts
 27881 | Lair:1   | Found the +8 whip "Snakebite" {curare, rPois}
 28802 | Lair:2   | Found a staircase to the Shoals.
 29434 | Orc:1    | Found a transporter.
 29479 | Orc:1    | Noticed Cyomil's ghost (journeyman VSWn)
 29908 | Orc:1    | Found a transporter.
 30074 | Orc:1    | Killed Cyomil's ghost
 30111 | Orc:1    | Got a fine bone ring
 30150 | Orc:1    | Identified the ring of Neurrunize {AC+1 Dex+4} (You found
                  | it on level 1 of the Orcish Mines)
 30776 | Lair:3   | Noticed Nergalle
 30786 | Lair:3   | Killed Nergalle
 31775 | Lair:4   | Reached XP level 16. HP: 130/130 MP: 22/22
 32094 | Lair:4   | Found a hole to the Spider Nest.
 33332 | Lair:6   | Entered Level 6 of the Lair of Beasts
 34115 | Lair:6   | Found a runed translucent door.
 34116 | Lair:6   | Found a viscous altar of Jiyva.
 34116 | Lair:6   | Found a staircase to the Slime Pits.
 34160 | Lair:6   | Reached skill level 19 in Fighting
 34206 | Lair:5   | Reached skill level 10 in Axes
 34832 | Lair:6   | Found a runed translucent door.
 36597 | D:14     | Killed Kystiego's ghost
 36606 | D:14     | Got a shimmering lapis lazuli ring
 36626 | D:14     | Learned a level 2 spell: Sublimation of Blood
 36821 | Elf:1    | Entered Level 1 of the Elven Halls
 37992 | Elf:1    | Identified the cursed ring of Attitude {rC- EV-4 Str+8
                  | Dex+3} (You found it on level 14 of the Dungeon)
 38110 | Elf:1    | Reached XP level 17. HP: 121/137 MP: 19/23
 38115 | Elf:1    | Reached skill level 5 in Shields
 38857 | Elf:2    | Reached skill level 5 in Necromancy
 38930 | Elf:2    | Found a runed translucent door.
 39025 | Elf:2    | Found a runed translucent door.
 39062 | Elf:2    | Found Iclov's Book Shop.
 39416 | Elf:3    | Entered Level 3 of the Elven Halls
 40618 | Elf:3    | Found a shimmering blue altar of Sif Muna.
 41077 | Elf:3    | Noticed a deep elf blademaster
 41089 | Elf:3    | Noticed a deep elf blademaster
 41095 | Elf:3    | Killed a deep elf blademaster
 41104 | Elf:3    | Killed a deep elf blademaster
 41243 | Elf:3    | Noticed a deep elf master archer
 41250 | Elf:3    | Killed a deep elf master archer
 41256 | Elf:3    | Reached XP level 18. HP: 44/145 MP: 18/24
 41262 | Elf:3    | Noticed an Ice Fiend
 41441 | Elf:3    | Noticed a deep elf master archer
 41446 | Elf:3    | Killed a deep elf master archer
 41467 | Elf:3    | Identified the +5 scale mail of Zoucwue {Int+6 Dex+3}
 41514 | Elf:3    | Identified the amulet of Buahif {Faith rC+ MR++ Str+3
                  | Dex-4}
 41523 | Elf:3    | Identified the +7 glaive of Oozing Pus {vamp, MR- Str+3
                  | Dex+4}
 41916 | Elf:3    | Identified Inteegh's Handbook of Ashen Companions
 41918 | Elf:3    | Identified the Almanac of Dislocation and Changing
 41980 | Elf:3    | Got a fine hunting sling
 42010 | Elf:3    | Identified the Papyrus of the Assistive Glacier
 42827 | Elf:3    | Found a shimmering blue altar of Sif Muna.
 42874 | Elf:3    | Identified the +3 hunting sling "Usussu Iclod" {velocity,
                  | rC+ Int+4 Dex+3} (You found it on level 3 of the Elven
                  | Halls)
 42880 | Elf:3    | Learned a level 2 spell: Swiftness
 43141 | Spider:1 | Entered Level 1 of the Spider Nest
 44577 | Spider:1 | HP: 1/145 [wolf spider (21)]
 45900 | Spider:2 | Reached skill level 10 in Shields
 45959 | Spider:2 | Slain by a wolf spider

Levels and vault maps discovered:
D:1:      dpeg_arrival_simpleton_a, layout_basic, st_stairs_13
D:2:      layout_loops_ring, lemuel_doored_altar
D:3:      layout_basic, first_ration
D:4:      layout_basic, minmay_temple_entry_overgrown, dk_rats_in_the_wall
D:5:      layout_rooms, kennysheep_slug_shrine, nicolae_overflow_crystal_walls,
          uniq_blork_the_orc, uniq_pikel
D:6:      layout_loops_corners, serial_shops, shop, chequers_arboretum
D:7:      layout_rooms, basic_altar, ebering_ghost_inner_flame, uniq_harold,
          uniq_menkaure, uniq_duvessa
D:8:      layout_cave_pools, grunt_temple_overflow_open, old_standard_altar,
          marbit_many_paths, lair_entry_dummy, corexii_corridor_pit,
          uniq_maurice
D:9:      wander_river, layout_loops_corners, nicolae_qazlal_general_emergency,
          gammafunk_temple_overflow_elements, erik_orc_4, uniq_grum
D:10:     layout_roguey, grunt_tengu_nest
D:11:     layout_grid_maze, portal_ice_cave_entry_pillars_1,
          palyth_stone_intersect
D:12:     layout_irregular_city, minmay_fractal_squares_gapless_5,
          uniq_josephine
D:13:     layout_loops_corners, david_vaults_3, gauntlet_entry_generic,
          muffindrake_ghost_dual_entry
D:14:     layout_basic, gammafunk_ghost_berserking_beasts
D:15:     hangedman_depths_entry_try_elsewhere_first, layout_basic, tgw_fedhas,
          uniq_nessos
Temple:   minmay_temple_curvy_loop
Lair:1:   minmay_guarded_unrand_snakebite, layout_chaotic_city,
          infiniplex_staircase_pool, grunt_megastairs_4, lemuel_fruit_tree
Lair:2:   layout_long_grid, shoals_dummy_entry, serial_bayou,
          serial_bayou_shore_a, serial_bayou_pond_c, serial_bayou_lake_a,
          serial_bayou_ford_a, serial_bayou_lagoon_a, beast_lair_carwin_5
Lair:3:   layout_cave_pods, uniq_nergalle
Lair:4:   beast_lair_carwin_large_3, layout_regular_city, spider_nest_entry_a
Lair:5:   layout_roguey, grunt_megastairs_2
Lair:6:   wormcave, layout_gridlike, hangedman_lair_tendril_chambers,
          slime_altar_2, nicolae_quartered_pool_medium
Spider:1: layout_chambers, spiders_nest_hornet_nest
Spider:2: layout_spider_delve, drop_trap
Orc:1:    layout_caves, gammafunk_ghost_berserking_beasts
Orc:2:    st_orc_ogre_mass, layout_diamond_mine
Elf:1:    layout_geoelf_octagon, kennysheep_underground_church,
          grunt_ministairs_2
Elf:2:    layout_loops_ring, serial_shops, shop
Elf:3:    minmay_elf_hall_furrowed, layout_onion_city, basic_altar,
          serial_sigils_hangedman_snap

Skill      XL: |  1  2  3  4  5  6  7  8  9 10 11 12 13 14 15 16 17 18 |
---------------+-------------------------------------------------------+-----
Dodging        | 3 4 5 6 8 10 11 12 13 14 | 14.2
Fighting       | 3 4 5 6 8 9 12 14 16 18 19 | 19.9
Evocations     | 2 5 6 |  6.1
Polearms       | 8 7 10 | 10.0
Necromancy     | 1 3 4 5 |  5.0
Hexes          | 3 1 |  3.0
Spellcasting   | 4 3 |  4.2
Shields        | 3 4 8 10 | 10.2
Translocations | 2 3 |  3.0
Axes           | 2 8 11 12 13 | 13.7
Charms         | 4 |  4.0
Short Blades   | |  2.0

Action                   |  1- 3 |  4- 6 |  7- 9 | 10-12 | 13-15 | 16-18 || total
-------------------------+-------+-------+-------+-------+-------+-------++-------
Melee: Short sword       |    27 |       |       |       |       |       ||    27
       Constrict         |    25 |    20 |    70 |    58 |   106 |   150 ||   429
       Tentacles         |    12 |    21 |    60 |   114 |   211 |   223 ||   641
       Dagger            |    50 |    81 |   161 |       |       |       ||   292
       Trident           |       |       |   129 |   605 |   953 |    28 ||  1715
       Whip              |       |       |    39 |       |       |       ||    39
       Broad axe         |       |       |       |       |    96 |   667 ||   763
Throw: Dart              |       |       |     2 |       |       |       ||     2
 Cast: Regeneration      |       |       |       |     6 |     1 |     2 ||     9
       Blink             |       |       |       |       |     1 |       ||     1
Invok: Sacrifice Experie |       |       |     1 |       |       |       ||     1
       Sacrifice Stealth |       |       |     1 |       |       |       ||     1
       Draw Out Power    |       |       |       |     4 |     3 |       ||     7
       Sacrifice Essence |       |       |       |     1 |       |       ||     1
       Apocalypse        |       |       |       |     2 |    10 |    10 ||    22
       Sacrifice Purity  |       |       |       |     1 |       |       ||     1
       Sacrifice Arcana  |       |       |       |       |     1 |       ||     1
       Sacrifice an Eye  |       |       |       |       |     1 |       ||     1
Evoke: Wand              |       |       |     7 |     4 |    12 |    17 ||    40
       Phial of floods   |       |       |       |       |       |     1 ||     1
  Use: Scroll            |       |       |     9 |     5 |    25 |    13 ||    52
       Potion            |       |       |       |     1 |     1 |     7 ||     9
 Stab: Sleeping          |    10 |     3 |     4 |       |       |       ||    17
       Invisible         |       |       |     2 |     7 |     5 |     6 ||    20
       Distracted        |       |       |       |     4 |     6 |     5 ||    15
       Paralysed         |       |       |       |     9 |    28 |    16 ||    53
       Petrifying        |       |       |       |       |       |     1 ||     1
       Petrified         |       |       |       |       |       |     1 ||     1
  Eat: Chunk             |     3 |     4 |    16 |    24 |    34 |    18 ||    99
       Ration            |       |       |     1 |       |     4 |     8 ||    13
Armor: Skin              |     5 |     9 |    12 |    24 |    32 |    26 ||   108
Dodge: Dodged            |    52 |    59 |   229 |   337 |   515 |   487 ||  1679
Block: Buckler           |       |       |    11 |    99 |   180 |   205 ||   495

Table legend:
 A = Non-vault XP
 B = Vault XP
 C = Vault XP percentage of total XP
 D = Non-vault monster count
 E = Vault monster count
 F = Vault count percentage of total count
                 A         B        C        D         E       F
            +---------+---------+-------+---------+---------+-------
      Total |  160731 |  144726 |  47.4 |     679 |     334 |  33.0
            +---------+---------+-------+---------+---------+-------
        D:1 |      23 |       2 |   8.0 |      16 |       1 |   5.9
        D:2 |      30 |       0 |   0.0 |      17 |       0 |   0.0
        D:3 |     207 |       0 |   0.0 |      17 |       0 |   0.0
        D:4 |     342 |       0 |   0.0 |      19 |       0 |   0.0
        D:5 |     572 |     779 |  57.7 |      19 |       3 |  13.6
        D:6 |     935 |       0 |   0.0 |      20 |       0 |   0.0
        D:7 |     562 |    2839 |  83.5 |      14 |       6 |  30.0
        D:8 |    1496 |     505 |  25.2 |      27 |       2 |   6.9
        D:9 |     311 |    1117 |  78.2 |       9 |      21 |  70.0
       D:10 |     828 |     849 |  50.6 |      12 |       1 |   7.7
       D:11 |    3384 |       0 |   0.0 |      15 |       0 |   0.0
       D:12 |    5359 |    2509 |  31.9 |      39 |      10 |  20.4
       D:13 |   10054 |    6711 |  40.0 |      40 |      20 |  33.3
       D:14 |    8277 |    9759 |  54.1 |      19 |      12 |  38.7
       D:15 |   12033 |    4256 |  26.1 |      45 |       5 |  10.0
     Lair:1 |    4292 |    3673 |  46.1 |      14 |      16 |  53.3
     Lair:2 |    3970 |    1209 |  23.3 |      19 |       7 |  26.9
     Lair:3 |    3794 |     800 |  17.4 |      20 |       1 |   4.8
     Lair:4 |    4678 |    3258 |  41.1 |      22 |      12 |  35.3
     Lair:5 |    4132 |    1311 |  24.1 |      13 |       4 |  23.5
     Lair:6 |    9964 |   15901 |  61.5 |      30 |      52 |  63.4
   Spider:1 |   22019 |    1038 |   4.5 |      60 |       4 |   6.2
   Spider:2 |   10333 |       0 |   0.0 |      29 |       0 |   0.0
      Orc:1 |    3133 |    3802 |  54.8 |      33 |      12 |  26.7
      Orc:2 |    3021 |   12805 |  80.9 |      30 |      29 |  49.2
      Elf:1 |   19885 |    4290 |  17.7 |      37 |       8 |  17.8
      Elf:2 |   10226 |    3538 |  25.7 |      15 |       4 |  21.1
      Elf:3 |   16871 |   45888 |  73.1 |      29 |      32 |  52.5
      IceCv |       0 |   13658 | 100.0 |       0 |      54 | 100.0
   Gauntlet |       0 |    4229 | 100.0 |       0 |      18 | 100.0
            +---------+---------+-------+---------+---------+-------
